[Event "International chess holiday K22"]
[Site "Praha"]
[Date "2016.07.24"]
[Round "1"]
[White "Ekberg, Karl"]
[Black "Reljic, Michael"]
[Result "1/2-1/2"]
[ECO "D36"]
[WhiteElo "1764"]
[BlackElo "1589"]
[Annotator "Koller,Martin"]
[PlyCount "96"]
[TimeControl "240+2"]

{279MB} 1. d4 d5 2. c4 e6 3. Nc3 Nf6 4. cxd5 exd5 5. Bg5 Be7 6. e3 c6 7. Bd3
Nbd7 8. Qc2 h6 9. Bh4 O-O 10. Nge2 b6 11. O-O Bb7 12. Rab1 c5 13. Bf5 Re8 14.
a3 g6 15. Bxg6 fxg6 16. Qxg6+ Kf8 17. Nf4 Bd6 18. Nh5 Nxh5 19. Bxd8 Raxd8 20.
Qxh5 Nf6 21. Qxh6+ Kf7 22. g3 Rh8 23. Qg5 Rh5 24. Qxh5+ Nxh5 25. dxc5 Bxc5 26.
b4 Bd6 27. f4 Nf6 28. h3 Re8 29. Rfe1 Ne4 30. Nxe4 Rxe4 31. Kf2 Ba6 32. g4 Bb7
33. Kg3 d4 34. Rbd1 a6 35. Rxd4 Bxf4+ 36. exf4 Rxd4 37. Re3 Kf6 38. h4 Bc8 39.
h5 Be6 40. g5+ Kf7 41. Rf3 Bf5 42. Kh4 Re4 43. g6+ Kf6 44. g7 Kxg7 45. Kg5 Be6
46. f5 Re5 47. h6+ Kh7 48. Kf6 Bd5 1/2-1/2

[Event "International chess holiday K22"]
[Site "Praha"]
[Date "2016.07.24"]
[Round "1"]
[White "Schoenmakers, Nico"]
[Black "Nentvich, Libor"]
[Result "1/2-1/2"]
[ECO "B34"]
[WhiteElo "1850"]
[BlackElo "1962"]
[Annotator "Koller,Martin"]
[PlyCount "90"]
[TimeControl "240+2"]

{279MB} 1. e4 c5 2. Nf3 g6 3. d4 cxd4 4. Nxd4 Nc6 5. Be3 Bg7 6. Nxc6 bxc6 7.
Bd4 Nf6 8. Bd3 O-O 9. O-O a5 10. c3 d6 11. Qe2 c5 12. Be3 Ng4 13. Bf4 Ne5 14.
Bxe5 Bxe5 15. f4 Bg7 16. Qc2 Qb6 17. Kh1 Rb8 18. b3 Bd7 19. Nd2 a4 20. Rab1 Qa5
21. c4 Qc3 22. Nf3 axb3 23. axb3 Ra8 24. e5 Qxc2 25. Bxc2 Ra2 26. Be4 f5 27.
exf6 Bxf6 28. g3 Bh3 29. Rfd1 Re2 30. Bc6 Bf5 31. Re1 Bxb1 32. Rxe2 Rb8 33. Ng5
Bf5 34. Bd5+ Kg7 35. Re3 h6 36. Ne6+ Bxe6 37. Bxe6 Bd4 38. Rd3 Ra8 39. Rd1 Ra2
40. Rb1 Kf6 41. Bd7 e5 42. fxe5+ dxe5 43. Rf1+ Ke7 44. Bc6 Rb2 45. Bd5 Rf2
1/2-1/2

[Event "International chess holiday K22"]
[Site "Praha"]
[Date "2016.07.24"]
[Round "1"]
[White "Werthmann, Nils"]
[Black "Bilek, Roman"]
[Result "1-0"]
[ECO "A00"]
[WhiteElo "1978"]
[BlackElo "1888"]
[Annotator "Koller,Martin"]
[PlyCount "61"]
[TimeControl "240+2"]

{279MB} 1. e4 d5 2. Nc3 d4 3. Nce2 e5 4. Ng3 g6 5. Bc4 Bg7 6. d3 Ne7 7. f4 Nbc6
8. Nf3 O-O 9. a3 a6 10. O-O Be6 11. Bxe6 fxe6 12. Ng5 Qd6 13. Qg4 exf4 14. Bxf4
e5 15. Bd2 Rxf1+ 16. Rxf1 Nd8 17. Qf3 c5 18. h4 h6 19. Nh3 Ndc6 20. Qg4 Rf8 21.
Rxf8+ Bxf8 22. Nf2 b5 23. Qf3 Bg7 24. Ng4 Kh7 25. Qf7 Ng8 26. h5 Nce7 27. b4 g5
28. bxc5 Qxc5 29. Bb4 Qxc2 30. Bxe7 Nxe7 31. Nf6+ 1-0

[Event "International chess holiday K22"]
[Site "Praha"]
[Date "2016.07.24"]
[Round "1"]
[White "Schubert, Gerhard"]
[Black "Michalek, Frantisek"]
[Result "1/2-1/2"]
[ECO "C44"]
[WhiteElo "2013"]
[BlackElo "2012"]
[Annotator "Koller,Martin"]
[PlyCount "28"]
[TimeControl "240+2"]

{279MB} 1. e4 Nf6 2. d3 Nc6 3. Nd2 d5 4. c3 e5 5. Ngf3 a5 6. Be2 Bc5 7. O-O
dxe4 8. dxe4 O-O 9. Qc2 h6 10. h3 Qe7 11. Nc4 Nh5 12. Re1 Ng3 13. Ne3 Nxe2+ 14.
Qxe2 Bxe3 1/2-1/2

[Event "International chess holiday K22"]
[Site "Praha"]
[Date "2016.07.24"]
[Round "1"]
[White "Dalling, Peter"]
[Black "Novak, Jindrich"]
[Result "0-1"]
[ECO "C24"]
[WhiteElo "1822"]
[BlackElo "2146"]
[Annotator "Koller,Martin"]
[PlyCount "108"]
[TimeControl "240+2"]

{279MB} 1. Nc3 d6 2. e4 e5 3. Bc4 Nf6 4. d3 Be7 5. h3 Nc6 6. a4 Be6 7. Nd5 O-O
8. c3 Na5 9. Ba2 Bxd5 10. exd5 b6 11. b4 Nb7 12. b5 Nc5 13. Be3 a5 14. Ne2 Nfd7
15. O-O f5 16. f4 e4 17. d4 Nb7 18. Kh2 Qe8 19. Ng3 Bh4 20. Nh1 Nd8 21. g3 Be7
22. Nf2 Nf7 23. Rg1 Kh8 24. g4 Bh4 25. Qf1 g5 26. gxf5 gxf4 27. Bxf4 Qe7 28.
Ng4 Ng5 29. Bxg5 Bxg5 30. Re1 Bd2 31. Rd1 Qg5 32. Qe2 Bf4+ 33. Kh1 Qh4 34. Rg2
Qxh3+ 35. Kg1 Rg8 36. Rf1 Rxg4 37. Qxg4 Be3+ 38. Rff2 Qxg4 39. Rxg4 Nf6 40. Rg3
Rg8 41. Rxg8+ Kxg8 42. Kg2 Bxf2 43. Kxf2 Ng4+ 44. Kg3 Ne3 45. Kf4 Nd1 46. c4
Kg7 47. Bb3 Nc3 48. Bc2 Kf6 49. Bxe4 Nxe4 50. Kxe4 Kg5 51. f6 Kxf6 52. Kf4 h5
53. Ke3 Kg5 54. c5 Kg4 0-1

[Event "International chess holiday M21"]
[Site "Praha"]
[Date "2016.07.24"]
[Round "2"]
[White "Kasparov, Sergey"]
[Black "Thomasson, Staffan"]
[Result "1-0"]
[ECO "B41"]
[WhiteElo "2471"]
[BlackElo "1954"]
[Annotator "Koller,Martin"]
[PlyCount "67"]
[TimeControl "240+2"]

{279MB} 1. e4 c5 2. Nf3 e6 3. d4 cxd4 4. Nxd4 a6 5. c4 Qc7 6. Nc3 Nf6 7. Bd3
Nc6 8. Nxc6 bxc6 9. Be3 Rb8 10. Qe2 Bd6 11. c5 Be5 12. Rc1 O-O 13. h3 Rd8 14.
O-O d5 15. cxd6 Bxd6 16. b3 Qa5 17. Rfd1 Bb4 18. Na4 Nd7 19. f4 c5 20. Qb2 c4
21. Bxc4 Bb7 22. e5 Bc6 23. Qe2 Bxa4 24. bxa4 Ba3 25. Rc2 Qxa4 26. Bxa6 g6 27.
Rcd2 Be7 28. Bc4 Qa5 29. Rxd7 Rxd7 30. Rxd7 Bc5 31. Bb3 Qb5 32. Rd3 Kg7 33.
Bxc5 Qxc5+ 34. Qe3 1-0

[Event "International chess holiday M21"]
[Site "Praha"]
[Date "2016.07.24"]
[Round "2"]
[White "Simecek, Bohumil"]
[Black "Morling, Joakim"]
[Result "0-1"]
[ECO "D02"]
[WhiteElo "2123"]
[BlackElo "2066"]
[Annotator "Koller,Martin"]
[PlyCount "71"]
[TimeControl "240+2"]

{279MB} 1. d4 d5 2. Nf3 Bg4 3. Ne5 Bh5 4. g4 Bg6 5. h4 e6 6. h5 Be4 7. f3 f6 8.
Nd3 Bxd3 9. Qxd3 Bd6 10. Rg1 Nc6 11. Bd2 Qe7 12. e3 O-O-O 13. Na3 a6 14. O-O-O
e5 15. Nb1 Nh6 16. a3 Kb8 17. Qb3 Ka8 18. Qa4 Na7 19. Nc3 c6 20. Qb3 Nf7 21.
Bd3 Ng5 22. Be2 Nc8 23. Rde1 Ne6 24. dxe5 fxe5 25. Qa2 Rhf8 26. b4 Qd7 27. Ref1
Nb6 28. Bd3 Nc4 29. Bxc4 dxc4 30. Ne4 c5 31. Qxc4 Be7 32. Bc3 Rc8 33. Rd1 Qc6
34. Rgf1 Ng5 35. Bxe5 Qa4 36. neèitelné 0-1

[Event "International chess holiday M21"]
[Site "Praha"]
[Date "2016.07.24"]
[Round "2"]
[White "Vetrovsky, Michal"]
[Black "Matras, Ondrej"]
[Result "1/2-1/2"]
[ECO "D02"]
[WhiteElo "2165"]
[BlackElo "2275"]
[Annotator "Koller,Martin"]
[PlyCount "102"]
[TimeControl "240+2"]

{279MB} 1. d4 d5 2. Bf4 Nf6 3. Nf3 Bf5 4. e3 e6 5. Bd3 Bxd3 6. Qxd3 a6 7. Nbd2
c5 8. h3 Nc6 9. c3 Bd6 10. O-O O-O 11. Rfe1 Rc8 12. Ne5 Bxe5 13. dxe5 Nd7 14.
Nf3 c4 15. Qc2 Nc5 16. Re2 Nd3 17. Bg3 b5 18. Rd1 Qb6 19. Red2 a5 20. Ne1 Ncxe5
21. Bxe5 Nxe5 22. e4 dxe4 23. Qxe4 Qb8 24. Nf3 Nxf3+ 25. Qxf3 Rcd8 26. Rd7 Rxd7
27. Rxd7 Qe5 28. a3 h6 29. g3 f5 30. Qe3 Qxe3 31. fxe3 Rb8 32. Kf2 b4 33. axb4
axb4 34. Rc7 bxc3 35. bxc3 Rb2+ 36. Kf3 Rc2 37. Rxc4 Kf7 38. h4 Kf6 39. e4 g5
40. hxg5+ hxg5 41. exf5 Kxf5 42. Rc5+ Kf6 43. Kg4 Rc1 44. Rxg5 Rxc3 45. Rh5 Rd3
46. Kf4 Rd1 47. g4 Rf1+ 48. Kg3 Re1 49. Kf4 e5+ 50. Kg3 Re3+ 51. Kf2 Ra3
1/2-1/2

[Event "International chess holiday M21"]
[Site "Praha"]
[Date "2016.07.24"]
[Round "2"]
[White "Wulf von Moers, Jens"]
[Black "Houska, Jiri"]
[Result "1/2-1/2"]
[ECO "D76"]
[WhiteElo "2180"]
[BlackElo "2206"]
[Annotator "Koller,Martin"]
[PlyCount "58"]
[TimeControl "240+2"]

{279MB} 1. Nf3 Nf6 2. c4 g6 3. d4 Bg7 4. g3 d5 5. cxd5 Nxd5 6. Bg2 Nb6 7. O-O
Nc6 8. e3 O-O 9. Nc3 Re8 10. h3 a5 11. Re1 a4 12. Rb1 h6 13. Kh2 Be6 14. b3
axb3 15. axb3 f5 16. Bb2 Nd5 17. Rc1 Nxc3 18. Rxc3 Bd5 19. Rc5 e6 20. Nh4 Bf8
21. Bxd5 exd5 22. Rb5 b6 23. Nxg6 Na7 24. Nxf8 Nxb5 25. Ng6 Nd6 26. Qf3 c6 27.
Rc1 Ra2 28. Rc2 Re6 29. Ne5 Qe8 1/2-1/2

[Event "International chess holiday M21"]
[Site "Praha"]
[Date "2016.07.24"]
[Round "2"]
[White "Hanl, Frantisek"]
[Black "Andersson, Stefan"]
[Result "1-0"]
[ECO "C00"]
[WhiteElo "2079"]
[BlackElo "1986"]
[Annotator "Koller,Martin"]
[PlyCount "47"]
[TimeControl "240+2"]

{279MB} 1. e4 e6 2. Nf3 d5 3. e5 c5 4. b4 cxb4 5. d4 Nc6 6. a3 Bd7 7. axb4
Bxb4+ 8. c3 Ba5 9. Bd3 Nge7 10. O-O O-O 11. Bxh7+ Kh8 12. Bd3 Qe8 13. Ng5 f5
14. f4 g6 15. Qe1 Kg7 16. Qh4 Rh8 17. Nxe6+ Bxe6 18. Qf6+ Kg8 19. Qxe6+ Qf7 20.
Qd7 Rd8 21. Qxb7 Rb8 22. Qxb8+ Nxb8 23. Rxa5 Nec6 24. neèitelné 1-0

[Event "International chess holiday K21"]
[Site "Praha"]
[Date "2016.07.24"]
[Round "2"]
[White "Kasparova, Tatiana"]
[Black "Pribyl, Jaroslav"]
[Result "1-0"]
[ECO "B18"]
[WhiteElo "2141"]
[BlackElo "1920"]
[Annotator "Koller,Martin"]
[PlyCount "119"]
[TimeControl "240+2"]

{279MB} 1. e4 c6 2. d4 d5 3. Nd2 dxe4 4. Nxe4 Bf5 5. Ng3 Bg6 6. Nh3 e6 7. Nf4
Bd6 8. h4 Qc7 9. Nxg6 hxg6 10. Ne4 Bf4 11. g3 Bxc1 12. Qxc1 Ne7 13. Qd2 Nd7 14.
Bg2 Nf6 15. Ng5 Nh7 16. Nf3 Nf6 17. O-O-O O-O-O 18. Qe2 Rhe8 19. Kb1 Qb6 20.
Rd3 Qb5 21. Qe1 Ned5 22. Rb3 Qa6 23. Ra3 Qb6 24. c4 Ne7 25. c5 Qc7 26. Rxa7 Nd7
27. Ng5 Kb8 28. Ra4 Rf8 29. Qc3 Nd5 30. Qa3 Kc8 31. Ne4 Nb8 32. Nd6+ Rxd6 33.
cxd6 Qd7 34. h5 gxh5 35. Rxh5 g6 36. Rh7 Nf6 37. Rh4 Ne8 38. Rh7 Nf6 39. Rh1
Ne8 40. Qe3 Nxd6 41. Qe5 f6 42. Qf4 g5 43. Qg4 Nf5 44. Qe4 Rd8 45. Rd1 Nd6 46.
Qg6 Rf8 47. Ra3 Nb5 48. Rad3 Qe7 49. Re3 Nc7 50. Rh1 Nd7 51. Rhe1 Qd6 52. Bh3
Qxd4 53. Bxe6 Nxe6 54. Rxe6 Nc5 55. Re8+ Rxe8 56. Qxe8+ Kc7 57. Qe3 Qd5 58. Qe2
Qf5+ 59. Ka1 Nd3 60. Rd1 1-0

[Event "International chess holiday K21"]
[Site "Praha"]
[Date "2016.07.24"]
[Round "2"]
[White "Sniegon, Adam"]
[Black "Hadzala, Daniel"]
[Result "0-1"]
[ECO "A54"]
[WhiteElo "1714"]
[BlackElo "2076"]
[Annotator "Koller,Martin"]
[PlyCount "80"]
[TimeControl "240+2"]

{279MB} 1. d4 Nf6 2. c4 d6 3. Nf3 Nbd7 4. Nc3 e5 5. Bg5 Be7 6. e3 c6 7. Qc2 O-O
8. Bd3 h6 9. Bh4 Re8 10. O-O Nh5 11. Bxe7 Qxe7 12. Rfd1 Nhf6 13. Bf5 g6 14.
dxe5 dxe5 15. Bxd7 Bxd7 16. Rd2 Bg4 17. Ne1 e4 18. h3 Bf5 19. Rad1 g5 20. Ne2
h5 21. Qc3 h4 22. Rd6 Nd5 23. R1xd5 cxd5 24. Rh6 Qe5 25. Rf6 Qxc3 26. Nxc3 Be6
27. cxd5 Kg7 28. Nxe4 Bxd5 29. Rf5 Bxe4 30. Rxg5+ Bg6 31. Rg4 Rac8 32. Nd3 Red8
33. Nf4 Rd1+ 34. Kh2 Rc2 35. Rxh4 Rxb2 36. Rg4 Rxa2 37. Nh5+ Kf8 38. Nf4 Rxf2
39. Nxg6+ fxg6 40. Rxg6 Kf7 0-1

[Event "International chess holiday K21"]
[Site "Praha"]
[Date "2016.07.24"]
[Round "2"]
[White "Luckian, Mario"]
[Black "Hammerman, Christian"]
[Result "1-0"]
[ECO "B06"]
[WhiteElo "1884"]
[BlackElo "1797"]
[Annotator "Koller,Martin"]
[PlyCount "57"]
[TimeControl "240+2"]

{279MB} 1. d4 g6 2. Bf4 Bg7 3. Nc3 d6 4. e4 e6 5. Qd2 Ne7 6. Bh6 O-O 7. Bxg7
Kxg7 8. O-O-O Nbc6 9. f3 e5 10. Nge2 exd4 11. Nxd4 Nxd4 12. Qxd4+ Kg8 13. g4
Nc6 14. Qd2 Ne5 15. Be2 Be6 16. h4 Qf6 17. g5 Qg7 18. f4 Nc4 19. Bxc4 Bxc4 20.
f5 f6 21. Qd4 Ba6 22. fxg6 hxg6 23. Nd5 fxg5 24. Qxg7+ Kxg7 25. Nxc7 gxh4 26.
Nxa8 Rxa8 27. Rxh4 Rd8 28. e5 d5 29. Rhd4 1-0

[Event "International chess holiday K21"]
[Site "Praha"]
[Date "2016.07.24"]
[Round "2"]
[White "Kast, Joannis"]
[Black "Wolf, Ulrich"]
[Result "1/2-1/2"]
[ECO "B54"]
[WhiteElo "1995"]
[BlackElo "2077"]
[Annotator "Koller,Martin"]
[PlyCount "61"]
[TimeControl "240+2"]

{279MB} 1. e4 c5 2. Nf3 e6 3. c4 d6 4. d4 cxd4 5. Nxd4 Nf6 6. Nc3 Be7 7. Be2 a6
8. Be3 Qc7 9. Rc1 b6 10. O-O Bb7 11. f3 Nbd7 12. Qe1 O-O 13. Qf2 Rac8 14. Rc2
Qb8 15. Rfc1 Rfe8 16. Kh1 Bd8 17. Qg1 Bc7 18. b4 g6 19. Nb3 d5 20. cxd5 exd5
21. Nxd5 Nxd5 22. exd5 Nf6 23. Bxb6 Nxd5 24. Bxc7 Rxc7 25. Rxc7 Nxc7 26. Bc4
Nd5 27. a3 Ne3 28. Bd3 Qf4 29. Qf2 Ng4 30. Qg1 Ne3 31. Qf2 1/2-1/2

[Event "International chess holiday K21"]
[Site "Praha"]
[Date "2016.07.24"]
[Round "2"]
[White "Korsa, Jiri"]
[Black "Mena, Daniel"]
[Result "1/2-1/2"]
[ECO "C41"]
[WhiteElo "1829"]
[BlackElo "1784"]
[Annotator "Koller,Martin"]
[PlyCount "50"]
[TimeControl "240+2"]

{279MB} 1. e4 e5 2. Nf3 Nf6 3. d4 d6 4. dxe5 Nxe4 5. Bc4 Be6 6. Bxe6 fxe6 7.
exd6 Qxd6 8. O-O Qxd1 9. Rxd1 Bc5 10. Rf1 O-O 11. Nbd2 Nf6 12. Nb3 Bb6 13. Bd2
Nc6 14. Bc3 Rae8 15. Nbd4 Nxd4 16. Bxd4 Bxd4 17. Nxd4 a6 18. Rad1 e5 19. Nf5 e4
20. Ne3 Rd8 21. Rxd8 Rxd8 22. Rd1 Rxd1+ 23. Nxd1 Kf7 24. Nc3 Ke6 25. Kf1 Ke5
1/2-1/2

[Event "International chess holiday K22"]
[Site "Praha"]
[Date "2016.07.24"]
[Round "2"]
[White "Bilek, Roman"]
[Black "Schoenmakers, Nico"]
[Result "0-1"]
[ECO "B20"]
[WhiteElo "1888"]
[BlackElo "1850"]
[Annotator "Koller,Martin"]
[PlyCount "53"]
[TimeControl "240+2"]

{279MB} 1. e4 c5 2. a3 e6 3. b4 cxb4 4. axb4 d5 5. exd5 Qxd5 6. Nc3 Qe5+ 7. Be2
Bd7 8. Nf3 Qc7 9. Bb2 Nf6 10. O-O Be7 11. b5 O-O 12. Bd3 Rd8 13. Qe2 Be8 14.
Rfe1 Nbd7 15. Bc4 Nf8 16. Ne5 Bb4 17. d3 Nd5 18. Ne4 Bxe1 19. Rxe1 Ng6 20. Ng4
h5 21. Nh6+ gxh6 22. Qxh5 Qf4 23. Bxd5 Rxd5 24. Qh3 Qh4 25. Qe3 Rf5 26. Qd4 e5
27. Qd6 0-1

[Event "International chess holiday K22"]
[Site "Praha"]
[Date "2016.07.24"]
[Round "2"]
[White "Dalling, Peter"]
[Black "Schubert, Gerhard"]
[Result "0-1"]
[ECO "B07"]
[WhiteElo "1822"]
[BlackElo "2013"]
[Annotator "Koller,Martin"]
[PlyCount "86"]
[TimeControl "240+2"]

{279MB} 1. Nc3 d6 2. e4 Nf6 3. Bc4 e6 4. d3 d5 5. exd5 exd5 6. Bb3 d4 7. Ne4
Bb4+ 8. Bd2 Qe7 9. Bxb4 Qxb4+ 10. Qd2 Qxd2+ 11. Kxd2 Nxe4+ 12. dxe4 O-O 13. Ne2
c5 14. f4 Nc6 15. h3 Na5 16. Bd5 Be6 17. Bxe6 fxe6 18. b3 e5 19. Raf1 Nc6 20.
f5 c4 21. Rf3 Rf6 22. h4 Rd8 23. Rhh3 Nb4 24. Nc1 c3+ 25. Kd1 Ra6 26. Rhg3 Kf8
27. Rf2 d3 28. Nxd3 Rxa2 29. Rgf3 Ra1+ 30. Ke2 Nxc2 31. Rf1 Nd4+ 32. Ke3 Ra2
33. R3f2 Nc2+ 34. Rxc2 Rxc2 35. Nxe5 Rxg2 36. Rc1 c2 37. Nd3 Rg3+ 38. Kf4 Rdxd3
39. Rxc2 Rc3 40. Rd2 Rgf3+ 41. Ke5 Ke7 42. Rg2 Kf7 43. Rd2 Rfd3 0-1

[Event "International chess holiday K22"]
[Site "Praha"]
[Date "2016.07.24"]
[Round "2"]
[White "Reljic, Michael"]
[Black "Werthmann, Nils"]
[Result "0-1"]
[ECO "B22"]
[WhiteElo "1589"]
[BlackElo "1978"]
[Annotator "Koller,Martin"]
[PlyCount "66"]
[TimeControl "240+2"]

{279MB} 1. e4 c5 2. c3 Nf6 3. e5 Nd5 4. d4 cxd4 5. cxd4 d6 6. Nf3 Nc6 7. Bc4 e6
8. O-O Nb6 9. Bb3 Be7 10. Nc3 O-O 11. Bf4 dxe5 12. dxe5 Na5 13. a3 Qxd1 14.
Bxd1 Bd7 15. Be2 Rac8 16. Rfd1 Nb3 17. Rab1 Rfd8 18. Be3 Bc6 19. Nd4 Nxd4 20.
Bxd4 Rd7 21. Be3 Rcd8 22. Rxd7 Rxd7 23. Rc1 h6 24. h3 Rd8 25. Kh2 Nd7 26. Bxa7
Nxe5 27. Bb5 Rd2 28. Bxc6 Nxc6 29. b4 Nxa7 30. Ne4 Rd7 31. Kg3 f5 32. Nc5 Rc7
33. Kf4 Bg5+ 0-1

[Event "International chess holiday K22"]
[Site "Praha"]
[Date "2016.07.24"]
[Round "2"]
[White "Michalek, Frantisek"]
[Black "Ekberg, Karl"]
[Result "1-0"]
[ECO "B11"]
[WhiteElo "2012"]
[BlackElo "1764"]
[Annotator "Koller,Martin"]
[PlyCount "31"]
[TimeControl "240+2"]

{279MB} 1. e4 c6 2. Nc3 d5 3. Nf3 dxe4 4. Nxe4 Bf5 5. Ng3 Bg6 6. h4 h6 7. Ne5
Bh7 8. Qh5 g6 9. Bc4 e6 10. Qe2 Nf6 11. Nxf7 Qe7 12. Nxh8 Bg7 13. Qxe6 Bxh8 14.
Qxe7+ Kxe7 15. d3 Nbd7 16. Bxh6 1-0

[Event "International chess holiday K22"]
[Site "Praha"]
[Date "2016.07.24"]
[Round "2"]
[White "Novak, Jindrich"]
[Black "Nentvich, Libor"]
[Result "1-0"]
[ECO "A48"]
[WhiteElo "2146"]
[BlackElo "1962"]
[Annotator "Koller,Martin"]
[PlyCount "29"]
[TimeControl "240+2"]

{279MB} 1. d4 Nf6 2. Nf3 g6 3. Bg5 Ne4 4. h4 Bg7 5. Nbd2 d5 6. e3 Bg4 7. Be2
Nd7 8. Nxe4 dxe4 9. Nd2 Bxe2 10. Qxe2 h6 11. Bf4 f5 12. g4 e5 13. dxe5 Nxe5 14.
Bxe5 Bxe5 15. Qb5+ 1-0

[Event "International chess holiday M21"]
[Site "Praha"]
[Date "2016.07.25"]
[Round "3"]
[White "Thomasson, Staffan"]
[Black "Simecek, Bohumil"]
[Result "0-1"]
[ECO "E66"]
[WhiteElo "1954"]
[BlackElo "2123"]
[Annotator "Koller,Martin"]
[PlyCount "75"]
[TimeControl "240+2"]

{279MB} 1. c4 Nf6 2. g3 g6 3. Bg2 Bg7 4. Nc3 O-O 5. d4 d6 6. Nf3 Nc6 7. d5 Na5
8. Qd3 c5 9. O-O a6 10. Bd2 Rb8 11. Rab1 Bd7 12. b4 cxb4 13. Rxb4 Qc7 14. Rc1
Rfc8 15. Ne4 Nxe4 16. Qxe4 b5 17. Qxe7 Nxc4 18. Bf4 Re8 19. Qh4 Qd8 20. Bg5 f6
21. Bh6 Qa5 22. Rbb1 Bf5 23. Ra1 Re4 24. Bf4 Ree8 25. a4 g5 26. Nxg5 fxg5 27.
Qxg5 Bg6 28. Ra2 Qd8 29. Qg4 Qf6 30. axb5 axb5 31. Ra7 Re7 32. Bg5 Rxa7 33.
Bxf6 Bxf6 34. h4 Rg7 35. Qe6+ Rf7 36. e4 Kg7 37. f4 Re7 38. Qg4 0-1

[Event "International chess holiday M21"]
[Site "Praha"]
[Date "2016.07.25"]
[Round "3"]
[White "Matras, 2275."]
[Black "Kasparov, Sergey"]
[Result "0-1"]
[ECO "A58"]
[WhiteElo "2275"]
[BlackElo "2471"]
[Annotator "Koller,Martin"]
[PlyCount "78"]
[TimeControl "240+2"]

{279MB} 1. d4 Nf6 2. c4 c5 3. d5 b5 4. cxb5 a6 5. bxa6 g6 6. Nc3 Bg7 7. e4 O-O
8. Nf3 Qa5 9. Bd2 Bxa6 10. Bxa6 Qxa6 11. Qe2 d6 12. Rb1 Nbd7 13. Qxa6 Rxa6 14.
b3 Rb8 15. O-O Ne8 16. Rfe1 Nc7 17. Re2 Rba8 18. Kf1 Bxc3 19. Bxc3 Rxa2 20.
Rxa2 Rxa2 21. Ra1 Rxa1+ 22. Bxa1 f5 23. exf5 gxf5 24. Nh4 f4 25. Ke2 Nxd5 26.
Kf3 Kf7 27. Ke4 e6 28. Nf3 h6 29. Nd2 N7b6 30. h4 Kg6 31. Kf3 h5 32. Ne4 Nc8
33. Bb2 Kf5 34. Bc1 e5 35. Bd2 Nf6 36. Ng5 Ne7 37. Ba5 Nc6 38. Bc3 d5 39. Ke2
Ne4 0-1

[Event "International chess holiday M21"]
[Site "Praha"]
[Date "2016.07.25"]
[Round "3"]
[White "Houska, Jiri"]
[Black "Hanl, Frantisek"]
[Result "1/2-1/2"]
[ECO "D61"]
[WhiteElo "2206"]
[BlackElo "2079"]
[Annotator "Koller,Martin"]
[PlyCount "36"]
[TimeControl "240+2"]

{279MB} 1. d4 Nf6 2. c4 c6 3. Nc3 d5 4. Nf3 e6 5. Bg5 Nbd7 6. e3 Be7 7. Qc2 O-O
8. Rd1 b6 9. cxd5 Nxd5 10. Bxe7 Qxe7 11. Nxd5 cxd5 12. Bd3 Nf6 13. O-O Bb7 14.
Rc1 Rfc8 15. Qd2 Ne4 16. Qe2 Qb4 17. Rfd1 Qd6 18. Qe1 a5 1/2-1/2

[Event "International chess holiday M21"]
[Site "Praha"]
[Date "2016.07.25"]
[Round "3"]
[White "Morling, Joakim"]
[Black "Wulf von Moers, Jens"]
[Result "0-1"]
[ECO "D20"]
[WhiteElo "2066"]
[BlackElo "2180"]
[Annotator "Koller,Martin"]
[PlyCount "58"]
[TimeControl "240+2"]

{279MB} 1. d4 d5 2. c4 dxc4 3. e3 e5 4. Bxc4 exd4 5. exd4 Nf6 6. Nf3 Bd6 7. O-O
O-O 8. Nc3 Nc6 9. h3 h6 10. a3 Bf5 11. d5 Ne5 12. Nd4 Bxh3 13. Ba2 Bg4 14. Qc2
a6 15. b4 Re8 16. Nd1 c6 17. dxc6 Nxc6 18. Nxc6 bxc6 19. Bxh6 Ne4 20. Bd2 Nxd2
21. Ne3 Nf3+ 22. gxf3 Bxf3 23. Qg6 Qh4 24. Bxf7+ Kh8 25. Qxg7+ Kxg7 26. Nf5+
Kxf7 27. Nxh4 Rg8+ 28. Ng2 Rxg2+ 29. Kh1 Rh8# 0-1

[Event "International chess holiday M21"]
[Site "Praha"]
[Date "2016.07.25"]
[Round "3"]
[White "Andersson, Stefan"]
[Black "Vetrovsky, Michal"]
[Result "1-0"]
[ECO "D94"]
[WhiteElo "1986"]
[BlackElo "2165"]
[Annotator "Koller,Martin"]
[PlyCount "107"]
[TimeControl "240+2"]

{279MB} 1. d4 Nf6 2. c4 g6 3. Nf3 Bg7 4. e3 O-O 5. Be2 d5 6. O-O c6 7. Nc3 dxc4
8. Bxc4 Bg4 9. h3 Bxf3 10. Qxf3 Nbd7 11. Rd1 Nb6 12. Bb3 Nbd5 13. e4 Nxc3 14.
bxc3 Qd7 15. Bg5 Rad8 16. Re1 h6 17. Bh4 g5 18. Bg3 e6 19. Rad1 Rfe8 20. e5 Nh7
21. h4 Qe7 22. Qh5 c5 23. f4 cxd4 24. cxd4 Qb4 25. hxg5 hxg5 26. f5 Rxd4 27.
fxe6 Rxe6 28. Bxe6 fxe6 29. Rc1 Rd8 30. Kh2 Qe7 31. Re2 b5 32. Rec2 a5 33. Rc7
Rd7 34. Rc8+ Nf8 35. Re8 Qf7 36. Qxf7+ Kxf7 37. Rb8 Rd5 38. Rc7+ Nd7 39. Rbb7
Ke7 40. Ra7 b4 41. Kh3 Kd8 42. Rc6 Bxe5 43. Rxe6 g4+ 44. Kh4 Bxg3+ 45. Kxg3 Nc5
46. Rg6 Nd7 47. Rg8+ Ke7 48. Rxg4 Ke6 49. Rf4 Rg5+ 50. Kf2 Ne5 51. Re4 Kd5 52.
Re2 Rf5+ 53. Kg3 Nc6 54. Ra6 neèitelné 1-0

[Event "International chess holiday K21"]
[Site "Praha"]
[Date "2016.07.25"]
[Round "3"]
[White "Hadzala, Daniel"]
[Black "Korsa, Jiri"]
[Result "1-0"]
[ECO "A05"]
[WhiteElo "2076"]
[BlackElo "1829"]
[Annotator "Koller,Martin"]
[PlyCount "65"]
[TimeControl "240+2"]

{279MB} 1. Nf3 Nf6 2. g3 b5 3. Bg2 Bb7 4. a4 b4 5. c3 c5 6. cxb4 cxb4 7. Qb3 e6
8. O-O Nc6 9. d3 d5 10. Nbd2 Be7 11. Re1 O-O 12. e4 Na5 13. Qa2 Rc8 14. e5 Nd7
15. d4 Rc2 16. Bf1 Qc8 17. Bd3 Rc7 18. Qb1 g6 19. h4 Ba6 20. h5 Nb6 21. hxg6
Bxd3 22. gxf7+ Rxf7 23. Qxd3 Nbc4 24. Nf1 Qf8 25. N1h2 b3 26. Kg2 Qg7 27. Rh1
Qg6 28. Qxg6+ hxg6 29. Ng4 Rh7 30. Bg5 Rxh1 31. Rxh1 Bxg5 32. Nxg5 Nxb2 33.
Nf6+ 1-0

[Event "International chess holiday K21"]
[Site "Praha"]
[Date "2016.07.25"]
[Round "3"]
[White "Pribyl, Jaroslav"]
[Black "Luckian, Mario"]
[Result "1-0"]
[ECO "A45"]
[WhiteElo "1920"]
[BlackElo "1884"]
[Annotator "Koller,Martin"]
[PlyCount "71"]
[TimeControl "240+2"]

{279MB} 1. d4 Nf6 2. Nc3 e6 3. e4 c5 4. dxc5 Bxc5 5. e5 Ng8 6. Ne4 Bf8 7. Bd2
Nc6 8. Bc3 Nh6 9. Nf3 Be7 10. Nd6+ Kf8 11. Qd2 a6 12. Rd1 Bxd6 13. Qxd6+ Kg8
14. Bd3 Qe7 15. Qc7 Qd8 16. Qd6 Qe7 17. Bb4 Qxd6 18. Bxd6 f6 19. O-O Nf7 20.
Rfe1 fxe5 21. Bxe5 Ncxe5 22. Nxe5 Nxe5 23. Rxe5 g6 24. Be2 Kg7 25. c4 Rf8 26.
Bf3 Rb8 27. Kf1 Rf5 28. Rxf5 gxf5 29. b4 Kf7 30. a4 Ke7 31. Rd4 Kf6 32. Ke2 b6
33. Kd2 e5 34. Rd6+ Kg5 35. g3 f4 36. h4+ 1-0

[Event "International chess holiday K21"]
[Site "Praha"]
[Date "2016.07.25"]
[Round "3"]
[White "Hammerman, Christian"]
[Black "Kast, Joannis"]
[Result "1/2-1/2"]
[ECO "B13"]
[WhiteElo "1797"]
[BlackElo "1995"]
[Annotator "Koller,Martin"]
[PlyCount "75"]
[TimeControl "240+2"]

{279MB} 1. e4 c6 2. d4 d5 3. exd5 cxd5 4. Bd3 Nc6 5. c3 Nf6 6. Bf4 Bg4 7. Qb3
Qd7 8. Nd2 e6 9. Ngf3 Be7 10. Ne5 Qc8 11. Nxg4 Nxg4 12. O-O O-O 13. Qc2 h6 14.
h3 Nf6 15. Rfe1 a6 16. Nf3 Nd7 17. Qe2 Bf6 18. Rac1 Qd8 19. Bc2 Re8 20. Qd3 Nf8
21. Ne5 Bg5 22. Bd2 Bxd2 23. Qxd2 Nxe5 24. Rxe5 Nd7 25. Re3 Qg5 26. Qd3 Nf6 27.
Rce1 Rac8 28. Rg3 Qf5 29. Qd2 Qh5 30. Qf4 Nd7 31. Rf3 Rc6 32. g4 g5 33. Qd2 Qh4
34. Qd3 Nf8 35. Rf5 exf5 36. Rxe8 Re6 37. Rxe6 Nxe6 38. Qg3 1/2-1/2